AoeStats
← İvan'ın Anasını Dehleyen

Arena

510207475Analyzed
4v4 RM · 1d ago on Sep 29, 2026· 42m 8s· 8 players
Game mode
Random Map
Map size
Large (8 player)
Population
200
Speed
Normal
Resources
Standard
Victory
Conquest
Starting age
Dark Age
Ending age
Imperial Age
RankedLock teamsTeams togetherTeam positionsShared explorationLock speedFull tech treeHidden civsTurbo modeCheats
Victory
Defeat
🇹🇷 Danes · Türkiye
1274
+11
1232
+13
🇹🇷 Italians · Türkiye
1232
+13
🇹🇷 Romans · Türkiye
1064
+19
🇨🇴 Tupi · Colombia
1186
-15
🇦🇷 Britons · Argentina
1182
-15
🇺🇸 Japanese · United States
1160
-14
🇸🇪 Persians · Sweden
1114
-12
[RbF] Stickly
10:32 Feudal Age
14:48 Castle Age
12:41 Loom
13:35 Double-Bit Axe
13:44 Horse Collar
18:34 Wheelbarrow
19:47 Bow Saw
24:14 Heavy Plow
25:10 Hand Cart
24:41 Town Watch
27:13 Scale Barding Armor
27:18 Forging
28:59 Bloodlines
28:49 Husbandry
31:21 Imperial Age
30:14 Chain Barding Armor
30:29 Iron Casting
32:13 Crop Rotation
32:46 Two-Man Saw
31:13 Cavalier
32:31 Plate Barding Armor
32:37 Masonry
32:33 Savar
34:17 Blast Furnace
34:58 Architecture
39:41 Citadels
39:52 Conscription
41:46 Ballistics
41:22 Murder Holes
𒉭BEHELIT𒉭
9:12 Feudal Age
16:32 Castle Age
15:04 Double-Bit Axe
17:35 Bow Saw
17:10 Horse Collar
22:13 Wheelbarrow
21:26 Town Watch
22:57 Heavy Plow
24:49 Hand Cart
24:46 Fletching
25:16 Gold Mining
25:17 Loom
26:37 Stone Mining
27:22 Gold Shaft Mining
26:56 Padded Archer Armor
28:10 Treadmill Crane
28:50 Ballistics
28:28 Bodkin Arrow
28:49 Leather Archer Armor
29:41 Town Patrol
33:17 Imperial Age
32:40 Town Patrol
33:58 Bracer
34:29 Ring Archer Armor
35:01 Chemistry
34:23 Conscription
34:31 Elite Blackwood Archer
38:06 Curare
IzzyPizzy
8:14 Loom
9:59 Feudal Age
11:27 Double-Bit Axe
13:43 Wheelbarrow
16:48 Castle Age
15:33 Gold Mining
15:28 Horse Collar
15:50 Stone Mining
16:59 Padded Archer Armor
17:01 Fletching
18:48 Bow Saw
20:50 Bodkin Arrow
24:23 Leather Archer Armor
24:18 Town Watch
25:53 Gold Shaft Mining
25:20 Heavy Plow
26:20 Hand Cart
30:59 Imperial Age
30:27 Yeomen
30:45 Murder Holes
31:30 Ballistics
31:06 Murder Holes
31:31 Masonry
33:03 Chemistry
32:48 Conscription
32:37 Bracer
33:21 Ring Archer Armor
33:44 Elite Longbowman
36:37 Architecture
stvmllc
5:35 Loom
9:29 Feudal Age
10:51 Man-at-Arms
11:23 Double-Bit Axe
14:57 Horse Collar
15:33 Arson
22:39 Fletching
29:20 Castle Age
34:35 Masonry
35:57 Elite Skirmisher
36:38 Bodkin Arrow
36:44 Padded Archer Armor
36:45 Scale Mail Armor
36:55 Forging
39:44 Chain Mail Armor
40:05 Iron Casting
Furian
9:26 Feudal Age
15:03 Castle Age
13:34 Double-Bit Axe
13:32 Horse Collar
14:03 Scale Mail Armor
15:51 Arson
24:58 Loom
28:36 Forging
28:42 Chain Mail Armor
30:22 Hamask
33:50 Wheelbarrow
34:24 Iron Casting
38:08 Imperial Age
36:26 Hand Cart
39:45 Plate Mail Armor
40:16 Blast Furnace
40:53 Conscription
41:31 Elite Jomsviking
secotify
10:59 Feudal Age
17:33 Castle Age
18:12 Crossbowman
25:40 Wheelbarrow
24:53 Town Watch
24:56 Loom
26:26 Horse Collar
28:28 Hand Cart
28:51 Gold Mining
31:40 Double-Bit Axe
34:18 Heavy Plow
37:18 Imperial Age
35:28 Elite Skirmisher
38:09 Bow Saw
38:32 Ballistics
39:13 Chemistry
39:32 Cavalier
40:12 Husbandry
edge2147
10:02 Feudal Age
14:14 Castle Age
12:35 Horse Collar
13:06 Double-Bit Axe
22:53 Wheelbarrow
22:17 Stone Mining
23:49 Bow Saw
25:31 Stone Shaft Mining
28:34 Imperial Age
26:22 Hand Cart
25:54 Loom
26:16 Fletching
26:27 Padded Archer Armor
26:51 Ballistics
26:37 Gold Mining
26:58 Bodkin Arrow
28:13 Leather Archer Armor
29:16 Thumb Ring
29:56 Conscription
29:37 Bracer
30:12 Ring Archer Armor
30:55 Chemistry
32:53 Elite Genoese Crossbowman
33:53 Silk Road
39:04 Hoardings
İvan'ın Anasını Dehleyen
10:11 Feudal Age
15:38 Castle Age
13:51 Horse Collar
14:02 Gold Mining
14:18 Double-Bit Axe
14:38 Stone Mining
15:13 Forging
16:02 Wheelbarrow
15:13 Loom
22:29 Bloodlines
22:19 Husbandry
23:19 Husbandry
26:36 Hand Cart
26:32 Stone Mining
27:21 Gold Shaft Mining
28:14 Heavy Plow
28:26 Bow Saw
31:52 Imperial Age
29:30 Scale Barding Armor
29:41 Town Watch
30:32 Stone Mining
31:34 Iron Casting
31:37 Fletching
32:10 Chain Barding Armor
32:58 Town Patrol
32:30 Cavalier
33:52 Fletching
35:11 Blast Furnace
35:33 Plate Barding Armor
36:59 Fletching
37:04 Savar
37:55 Bodkin Arrow
39:12 Stone Shaft Mining
41:07 Block Printing
41:02 Fervor
41:28 Theocracy
42:13 Crop Rotation
43:17 Chemistry
42:14 Murder Holes
42:40 Ballistics
Connection lost

Rejoining the realm…

Still unreachable

The connection could not be restored.

Session expired

The server has moved on; the page needs a fresh start.